 Dungeon Crawl Stone Soup version 0.25-a0-265-g7af84ae0ac (webtiles) character file.

Game seed: 10195472822337083774, levelgen mode: deterministic

1970 Redear the Shield-Bearer (level 9, 0/63 HPs)
             Began as an Octopode Fighter on Dec 8, 2019.
             Slain by a centaur zombie (5 damage)
             ... on level 7 of the Dungeon.
             The game lasted 00:10:35 (5441 turns).

Redear the Shield-Bearer (Octopode Fighter)         Turns: 5441, Time: 00:10:35

Health: 0/63       AC:  1    Str: 15    XL:     9   Next: 20%
Magic:  9/9        EV: 17    Int: 10    God:
Gold:   240        SH:  6    Dex: 15    Spells: 8/8 levels left

rFire    . . .     SeeInvis +   p - +3 spear (vamp) {!w}
rCold    . . .     Gourm    .   c - +0 buckler
rNeg     . . .     Faith    .   (helmet restricted)
rPois    .         Spirit   .   (no amulet)
rElec    .         Reflect  .   s - ring of see invisible {SInv}
rCorr    .         Harm     .   x - ring of stealth {Stlth+}
MR       .....                  (no ring)
Stlth    +++++.....             (no ring)
HPRegen  0.20/turn              (no ring)
MPRegen  0.11/turn              (no ring)
                                (no ring)
                                (no ring)

@: no status effects
A: almost no armour, stealthy swim, amphibious, 8 rings, constrict 8, camouflage
1, gelatinous body 1
a: no special abilities


You were on level 7 of the Dungeon.
You were very hungry.

You visited 1 branch of the dungeon, and saw 7 of its levels.

You collected 370 gold pieces.
You spent 130 gold pieces at shops.

Inventory:

Hand Weapons
 h - a +1 short sword of venom
 o - a +1 dagger of flaming
 p - a +3 vampiric spear (weapon) {!w}
 B - a +0 broad axe of chopping
Missiles
 a - 14 poisoned darts (quivered)
Armour
 b - a +0 shield
 c - a +0 buckler (worn)
Jewellery
 s - a ring of see invisible (left tentacle) {SInv}
 x - a ring of stealth (right tentacle) {Stlth+}
Wands
 v - a wand of disintegration (17)
 y - a wand of random effects (22)
 D - a wand of digging (5)
 I - a wand of iceblast (9)
Scrolls
 e - a scroll of amnesia {unknown}
 f - 2 scrolls of random uselessness
 i - a scroll of magic mapping {unknown}
 l - a scroll of fog {unknown}
 n - a scroll of enchant weapon {unknown}
 u - a scroll of blinking {unknown}
 E - a scroll of fear {unknown}
 N - 4 scrolls of remove curse
 R - 4 scrolls of identify {@r1}
 T - a scroll of teleportation {@r3}
Potions
 d - 2 potions of heal wounds {unknown}
 g - 2 potions of invisibility {unknown}
 m - a potion of agility {Stlth+ Dex+5 EV+5 | @q4}
 t - a potion of resistance {unknown}
 w - 2 potions of lignification {unknown}
 A - a potion of mutation {unknown}
 C - a potion of ambrosia {unknown}
 F - a potion of degeneration {unknown}
 Q - 4 potions of curing
Comestibles
 z - 11 rations


   Skills:
 + Level 6.3 Fighting
   Level 2.2 Long Blades
 + Level 4.5 Polearms
 + Level 6.3 Dodging
 - Level 6.0 Stealth
 + Level 6.3 Shields


You had 8 spell levels left.
You didn't know any spells.
Your spell library was empty.

Dungeon Overview and Level Annotations

Branches:
Dungeon (7/15)             Temple (0/1) D:6

Altars:
Ashenzari
Cheibriados
Elyvilon
Gozag
Hepliaklqana
Kikubaaqudgha
Uskayaw
Wu Jian

Shops:
D:5 [

Annotations:
D:5 3 runed translucent doors, swagumen's ghost, novice OpTm


Innate Abilities, Weirdness & Mutations

You cannot wear most types of armour.
You are very stealthy in the water. (Stealth+)
You are amphibious.
You can wear up to eight rings at the same time.
You can use your tentacles to constrict eight enemies at once.
Your skin changes colour to match your surroundings (Stealth+).
Your rubbery body absorbs attacks. (AC +1, EV +1)


Message History

The centaur zombie is severely damaged.
You block the centaur zombie's attack.
You hit the centaur zombie but do no damage.
Your squeeze misses the centaur zombie.
The centaur zombie is severely damaged.
The centaur zombie barely misses you.
You hit the centaur zombie but do no damage.
The centaur zombie is severely damaged.
The centaur zombie hits you.
* * * LOW HITPOINT WARNING * * *
You take 2 damage, and have 8/63 hp.
You hit the centaur zombie.
The centaur zombie is almost destroyed.
The centaur zombie hits you.
* * * LOW HITPOINT WARNING * * *
You take 3 damage, and have 5/63 hp.
You hit the centaur zombie. You squeeze the centaur zombie.
The centaur zombie is almost destroyed.
You block the centaur zombie's attack. The centaur zombie hits you.
You die...

............).............#
.............##.....o#...##
............###..o..o...##
...........## #######....##
............## ###o...#
..............## ###.oo...##
............##)## ##....)....#
............###Z###...o......#
...........###.#@###.........#
.........#..##g##.##.........##
.....?......#.## #.#..........#
....?..gS...Z## #.#.......).#
...........#. ##.........#
.......Z....# ##........#
...........# #.......##
...........# ##......#
...........# #.....##


You could see a centaur zombie.

Vanquished Creatures
  Sigmund (D:2)
  Eustachio (D:5)
  Menkaure (D:5)
  A water moccasin (D:7)
  2 phantoms
  A sky beast (D:6)
  6 bullfrogs
  A scorpion (D:5)
  2 howler monkeys
  A crimson imp (D:7)
  Crazy Yiuf (D:4)
  2 hounds
  A jelly (D:5)
  2 orc priests
  An iguana (D:5)
  5 orc wizards
  3 worker ants (D:4)
  A hound skeleton (D:6)
  Robin (D:2)
  4 gnolls (D:7)
  4 adders
  An adder skeleton (D:4)
  2 worms
  A dart slug (D:2)
  8 leopard geckos
  15 orcs
  6 giant cockroaches
  16 goblins
  11 hobgoblins
  9 kobolds
  4 quokkas
  2 ball pythons
  8 bats
  4 frilled lizards
  A leopard gecko skeleton (D:4)
  3 rats (D:3)
133 creatures vanquished.

Notes
Turn   | Place    | Note
-------+----------+-------------------------------------------
     0 | D:1      | Redear the Octopode Fighter began the quest for the Orb.
     0 | D:1      | Reached XP level 1. HP: 16/16 MP: 1/1
   132 | D:1      | Reached XP level 2. HP: 19/21 MP: 2/2
   184 | D:1      | Reached skill level 1 in Stealth
   573 | D:2      | Reached XP level 3. HP: 14/26 MP: 3/3
   808 | D:2      | Noticed Robin
   998 | D:2      | Killed Robin
  1001 | D:2      | Reached skill level 2 in Stealth
  1278 | D:2      | Reached XP level 4. HP: 27/31 MP: 4/4
  1314 | D:2      | Found a snail-covered altar of Cheibriados.
  1552 | D:2      | Noticed Sigmund
  1562 | D:2      | Killed Sigmund
  1562 | D:2      | Reached skill level 4 in Fighting
  1562 | D:2      | Reached skill level 4 in Dodging
  1562 | D:2      | Reached skill level 3 in Stealth
  1562 | D:2      | Reached skill level 4 in Shields
  1562 | D:2      | Reached XP level 5. HP: 13/37 MP: 5/5
  1562 | D:2      | Reached XP level 6. HP: 15/43 MP: 6/6
  1823 | D:3      | Noticed a phantom
  1861 | D:3      | Killed a phantom
  1861 | D:3      | Reached skill level 4 in Stealth
  2393 | D:3      | Reached skill level 1 in Polearms
  2816 | D:4      | You fall into a shaft and drop 2 floors!
  2844 | D:6      | Reached XP level 7. HP: 45/49 MP: 7/7
  2918 | D:6      | Found a staircase to the Ecumenical Temple.
  3278 | D:6      | Found an opulent altar of Gozag.
  3495 | D:6      | Reached skill level 2 in Polearms
  3495 | D:6      | Reached skill level 5 in Stealth
  3589 | D:5      | Entered Level 5 of the Dungeon
  3589 | D:5      | Found a runed translucent gate.
  3589 | D:5      | Found a runed translucent gate.
  3589 | D:5      | Found a runed translucent gate.
  3589 | D:5      | Noticed Eustachio
  3589 | D:5      | Noticed Menkaure
  3592 | D:5      | Noticed swagumen's ghost (novice OpTm)
  3606 | D:5      | Killed Eustachio
  3618 | D:5      | Killed Menkaure
  3618 | D:5      | Reached skill level 5 in Fighting
  3618 | D:5      | Reached skill level 5 in Dodging
  3618 | D:5      | Reached skill level 5 in Shields
  3618 | D:5      | Reached XP level 8. HP: 55/55 MP: 8/8
  3733 | D:5      | Found a hide-covered altar of Uskayaw.
  3940 | D:5      | Found Uxtizxag's Antique Armour Shoppe.
  3943 | D:5      | Bought a buckler for 130 gold pieces
  4015 | D:5      | Found an ornate altar of the Wu Jian Council.
  4015 | D:5      | Found a white marble altar of Elyvilon.
  4015 | D:5      | Found a shattered altar of Ashenzari.
  4021 | D:5      | Reached skill level 3 in Polearms
  4021 | D:5      | Reached skill level 6 in Stealth
  4249 | D:4      | Found a runed translucent door.
  4250 | D:4      | Noticed Crazy Yiuf
  4347 | D:4      | Found an ancient bone altar of Kikubaaqudgha.
  4715 | D:4      | Found a hazy altar of Hepliaklqana.
  5008 | D:4      | Killed Crazy Yiuf
  5313 | D:7      | Reached skill level 6 in Fighting
  5313 | D:7      | Reached skill level 4 in Polearms
  5313 | D:7      | Reached skill level 6 in Dodging
  5313 | D:7      | Reached skill level 6 in Shields
  5316 | D:7      | Reached XP level 9. HP: 27/62 MP: 9/9
  5440 | D:7      | HP: 5/63 [centaur zombie (3)]
  5441 | D:7      | Slain by a centaur zombie

Levels and vault maps discovered:
D:1:      eino_arrival_water_star, layout_rooms, minmay_misc_feat_alley,
          interstate_on_off
D:2:      layout_rooms, kennysheep_slug_shrine, first_ration, uniq_robin,
          uniq_sigmund
D:3:      layout_basic
D:4:      layout_loops_corners, kennysheep_little_box, kennysheep_mini,
          chequers_ossuary_entry_cave, uniq_crazy_yiuf_cottage
D:5:      layout_basic, eat_drink_and_be_merry_uskayaw, lemuel_crystal_altar,
          chequers_temple_overflow_statue_of_worship, ebering_ghost_rock_garden,
          serial_shops, nicolae_shop_behind_doors, uniq_eustachio, uniq_menkaure
D:6:      layout_loops_corners, grunt_gozag_statues, minmay_temple_entry_hall
D:7:      layout_cave_pods

Skill      XL: |  1  2  3  4  5  6  7  8 |
---------------+-------------------------+-----
Stealth        | 1 2 3 4 5 6 |  6.0
Fighting       | 4 5 6 |  6.3
Dodging        | 4 5 6 |  6.3
Shields        | 4 5 6 |  6.3
Polearms       | 1 2 4 |  4.5
Long Blades    | |  2.2

Action                   |  1- 3 |  4- 6 |  7- 9 || total
-------------------------+-------+-------+-------++-------
Melee: Long sword        |    19 |       |       ||    19
       Constrict         |    17 |    14 |    42 ||    73
       Tentacles         |    10 |    12 |    43 ||    65
       Short sword       |    34 |    15 |       ||    49
       Spear             |       |    75 |   194 ||   269
Evoke: Wand              |       |       |     2 ||     2
  Use: Potion            |       |     1 |     3 ||     4
       Scroll            |       |       |     3 ||     3
 Stab: Sleeping          |     8 |    15 |    15 ||    38
  Eat: Chunk             |     1 |     4 |     5 ||    10
       Ration            |       |       |     1 ||     1
Armor: Skin              |     2 |     3 |     5 ||    10
Dodge: Dodged            |    17 |    27 |   121 ||   165
Block: Shield            |    20 |    23 |    13 ||    56
       Buckler           |       |       |    38 ||    38
       Rpst.: Long sword |     1 |       |       ||     1

Table legend:
 A = Non-vault XP
 B = Vault XP
 C = Vault XP percentage of total XP
 D = Non-vault monster count
 E = Vault monster count
 F = Vault count percentage of total count
                 A         B        C        D         E       F
            +---------+---------+-------+---------+---------+-------
      Total |    2129 |     686 |  24.4 |     116 |      17 |  12.8
            +---------+---------+-------+---------+---------+-------
        D:1 |      22 |       1 |   4.3 |      14 |       1 |   6.7
        D:2 |      33 |     275 |  89.3 |      15 |      13 |  46.4
        D:3 |     175 |       0 |   0.0 |      21 |       0 |   0.0
        D:4 |     349 |      42 |  10.7 |      24 |       1 |   4.0
        D:5 |     343 |     368 |  51.8 |      12 |       2 |  14.3
        D:6 |     335 |       0 |   0.0 |       7 |       0 |   0.0
        D:7 |     872 |       0 |   0.0 |      23 |       0 |   0.0
            +---------+---------+-------+---------+---------+-------
